 Dungeon Crawl Stone Soup version 0.31-a0-816-gd61d57ddb1 (webtiles) character file.

Game seed: 12577502393922892079

30 Essalna the Digger (level 3, 24/24 HPs)
             Began as a Demonspawn Earth Elementalist on Sept 22, 2023.
             Got out of the dungeon alive.
             The game lasted 00:01:20 (1107 turns).

Essalna the Digger (Demonspawn Earth Elementalist)  Turns: 1107, Time: 00:01:21

Health: 24/24      AC:  2    Str:  8    XL:     3   Next: 3%
Magic:  4/7        EV: 12    Int: 18    God:
Gold:   103        SH:  0    Dex: 13    Spells: 6/7 levels left

rFire   . . .        g - +0 dagger (drain)
rCold   . . .        (no shield)
rNeg    . . .        a - +0 robe
rPois   .            (helmet restricted)
rElec   .            (no cloak)
rCorr   .            (no gloves)
SInv    .            (no boots)
Will    .....        (no amulet)
Stlth   ++           (no ring)
HPRegen 0.24/turn    (no ring)
MPRegen 0.10/turn

%: no passive effects
@: no status effects
A: antennae 1, hooves 1
a: no special abilities


You escaped.
You visited 1 branch of the dungeon, and saw 2 of its levels.

You collected 103 gold pieces.

Inventory:

Hand Weapons
 d - a +0 mace
 g - a +0 dagger of draining (weapon)
Armour
 a - a +0 robe (worn)
Scrolls
 e - 2 scrolls of blinking {unknown}
 k - a scroll of poison {unknown}
Potions
 b - a potion of magic
 c - a potion of cancellation {unknown}
 f - a potion of lignification {unknown}
 h - a potion of curing {unknown}
 i - a potion of haste {unknown}
 j - a potion of resistance {unknown}


   Skills:
 - Level 1.7 Dodging
 - Level 1.7 Stealth
 + Level 2.7 Spellcasting
 - Level 0.8 Transmutations
 + Level 3.3 Earth Magic


You had 6 spell levels left.
You knew the following spells:

 Your Spells              Type           Power      Damage    Failure   Level
a - Sandblast             Erth           28%        2d8       4%          1

Your spell library contained the following spells:

 Spells                   Type           Power      Damage    Failure   Level
 Passwall                 Tmut/Erth      7%         N/A       11%         2
 Blink                    Tloc           4%         N/A       26%         2
 Stone Arrow              Conj/Erth      16%        3d8       26%         3
 Petrify                  Tmut/Erth      9%         N/A       56%         4
 Brom's Barrelling Bould  Conj/Erth      8%         2d3       63%         4
 Manifold Assault         Tloc           2%         N/A       86%         4


Dungeon Overview and Level Annotations

Branches:
Dungeon (2/15)

Altars:


Innate Abilities, Weirdness & Mutations

You have a pair of small antennae on your head.
You have large cloven feet.


Message History

The blast of sand hits the dart slug!
You kill the dart slug!
You can't see any susceptible monsters within range! (Use Z to cast anyway.) HP restored.
A jackal comes into view.
A jackal is nearby!
A jackal is nearby!
The blast of sand hits the jackal.
The jackal is moderately wounded.
The jackal barks!
You hear a bark!
The blast of sand misses the jackal.
The jackal barely misses you. x2
The blast of sand hits the jackal!
You kill the jackal!
A jackal comes into view.
You have reached level 3!
Your experience leads to an increase in your attributes!
Increase (S)trength, (I)ntelligence, or (D)exterity?
You feel clever. x2; Your demonic ancestry asserts itself...
Your feet thicken and deform.
You closely miss the jackal. You kick the jackal, but do no damage.
The jackal barely misses you. The jackal bites you.
You closely miss the jackal. Your kick misses the jackal. The jackal bites you.
You barely miss the jackal. Your kick misses the jackal.
The jackal bites you but does no damage.
You hit the jackal. Your kick misses the jackal.
The jackal is moderately wounded.
The jackal bites you. The jackal closely misses you.
You hit the jackal. You kick the jackal.
You kill the jackal!
No target in view!
No target in view!
No target in view!
No target in view!
No target in view!
No target in view!
No target in view!
There is an escape hatch in the ceiling here.
A mysterious force pulls you upwards. The hatch slams shut behind you.
There is a staircase leading out of the dungeon here.
You have escaped!

#........#...#.......# #..##
#...#######.#######..# #..#
#...#~~#.......#~~#..# #..##
#...#~#.........#~#..# #..#.
#...##...........##..# #.... ###
#...#.............#..###..#. ..#
##..##.............##......#.
#.###..#.#.............#.#..#..#.
#.##..#.........@.........#......
#.###..#.#.............#.#..#..>.
#.# ##..##........[....##..####..
#.# #...#.............#......#..
#.# #>..##...........##.........
#.# #...#~#.........#~#..###....
#.# #...#~~#.......#~~#..# ###.#
#.# #...#######.#######..## #.#
#.# ##.......#...#........# #.#


There were no monsters in sight!

Vanquished Creatures
  A dart slug (D:2)
  3 ball pythons
  A bat (D:1)
  An endoplasm (D:1)
  A giant cockroach (D:1)
  4 goblins
  4 hobgoblins
  2 jackals (D:2)
  2 kobolds (D:1)
  5 rats
24 creatures vanquished.

Notes
Turn   | Place    | Note
-------+----------+-------------------------------------------
     0 | D:1      | Essalna the Demonspawn Earth Elementalist began the quest
                  | for the Orb.
     0 | D:1      | Reached XP level 1. HP: 13/13 MP: 3/3
   209 | D:1      | Reached skill level 3 in Earth Magic
   295 | D:1      | Discovered your monstrous ancestry.
   295 | D:1      | Gained mutation: You have a pair of small antennae on your
                  | head. [demonic ancestry]
   295 | D:1      | Reached XP level 2. HP: 19/19 MP: 3/5
   540 | D:1      | Found a faded altar of an unknown god.
  1074 | D:2      | Gained mutation: You have large cloven feet. [demonic
                  | ancestry]
  1074 | D:2      | Reached XP level 3. HP: 24/24 MP: 1/7
  1107 | D:$      | Got out of the dungeon alive.

Illustrated notes

Levels and vault maps discovered:
D:1:      psy_arrival_dodecagon, layout_loops_ring,
          hellmonk_ecumenical_altar_pennies_from_heaven
D:2:      layout_loops_ring

Skill      XL: |  1 |
---------------+----+-----
Earth Magic    | 3 |  3.3
Dodging        | |  1.7
Stealth        | |  1.7
Spellcasting   | |  2.7
Transmutations | |  0.8

Action                     || total
---------------------------++-------
  Melee: Dagger            ||     8
         Kick              ||     2
   Cast: Sandblast         ||    27
 Armour: Robe              ||     6
  Dodge: Dodged            ||     6

Table legend: (Time is in decaauts)
 A = Elapsed time spent in this place.
 B = Non-inter-level travel time spent in this place.
 C = Inter-level travel time spent in this place.
 D = Time resting spent in this place.
 E = Time spent auto-exploring this place.
 F = Levels seen in this place.
 G = Mean time per level.
                   A        B        C        D        E       F      G
               +--------+--------+--------+--------+--------+-----+--------+
         Total |   1120 |   1062 |     58 |      0 |    907 |   2 |  560.0 |
       Dungeon |   1120 |   1062 |     58 |      0 |    907 |   2 |  560.0 |
               +--------+--------+--------+--------+--------+-----+--------+

Top non-repeatable levels by time:
     D:1: 767 daAuts
     D:2: 353 daAuts
